 Dungeon Crawl Stone Soup version 0.17-a0-1850-g688e747 (webtiles) character file.

3370 TruthSerum the Fighter (level 9, -3/84 HPs)
             Began as a Minotaur Fighter on Sept 19, 2015.
             Was a Priest of Okawaru.
             Slain by porpoise's ghost (4 damage)
             ... on level 8 of the Dungeon.
             The game lasted 00:26:12 (6761 turns).

TruthSerum the Fighter (Minotaur Fighter)           Turns: 6761, Time: 00:26:12

Health: -3/84      AC: 13    Str: 20    XL:     9   Next: 73%
Magic:  12/12      EV: 19    Int:  5    God:    Okawaru [***...]
Gold:   473        SH: 13    Dex: 21    Spells: 0 memorised, 8 levels left

rFire  . . .     SeeInvis .     C - +4 flail
rCold  . . .     Clarity  .     y - +0 chain mail
rNeg   . . .     SustAt   .     c - +0 shield
rPois  .         Gourm    .     (helmet restricted)
rElec  .         Spirit   .     E - +0 cloak
rCorr  .         Warding  .     (no gloves)
rMut   .         Stasis   .     (no boots)
MR     .....                    (no amulet)
Stlth  ++........               p - ring of stealth
                                h - ring of flight

@: agile, heroism, not resistant to hostile enchantments, unstealthy
A: retaliatory headbutt, horns 2, agile 1
a: Heroism, Renounce Religion, Evoke Flight


You were on level 8 of the Dungeon.
You worshipped Okawaru.
Okawaru was most pleased with you.
You were hungry.

You visited 2 branches of the dungeon, and saw 9 of its levels.
You also visited: Ossuary.

You collected 473 gold pieces.

Inventory:

Hand weapons
 C - a +4 flail (weapon)
Armour
 c - a +0 shield (worn)
 y - a +0 chain mail (worn)
 E - a +0 cloak (worn)
Jewellery
 h - a ring of flight (left hand)
 p - a ring of stealth (right hand)
Magical devices
 b - a wand of draining (6)
 g - a wand of polymorph (11)
 m - a wand of digging (13)
 A - a wand of disintegration (20)
Scrolls
 f - 5 scrolls of recharging
 k - 5 scrolls of remove curse
 u - 2 scrolls of enchant weapon
 x - 2 scrolls of teleportation
Potions
 a - a potion of ambrosia
 d - 3 potions of might
 i - 2 potions of lignification
 l - 4 potions of curing
 o - a potion of magic
 s - a potion of agility
 t - 3 potions of brilliance {unknown}
 w - 3 potions of flight {unknown}
 z - a potion of invisibility {unknown}
 B - a potion of haste {unknown}
 D - 2 potions of cancellation {unknown}
 F - 2 potions of resistance {unknown}
Comestibles
 e - 6 bread rations
 n - 2 meat rations
 v - a royal jelly


   Skills:
 + Level 9.4(14.4) Fighting
 + Level 9.1(14.1) Maces & Flails
 - Level 5.8(10.8) Armour
 - Level 4.4(9.4) Dodging
 - Level 6.0(11.0) Shields
 + Level 5.9 Invocations


You had 8 spell levels left.
You didn't know any spells.

Dungeon Overview and Level Annotations

Branches:
Dungeon (8/15)             Temple (1/1) D:4
   Lair: D:8-11

Altars:
Ashenzari
Cheibriados
Fedhas
Gozag
Kikubaaqudgha
Nemelex Xobeh
Okawaru
Qazlal
Ru
Sif Muna
Trog
Vehumet
Xom
Yredelemnul
Zin
The Shining One

Shops:
D:7 (

Annotations:
D:8 porpoise's ghost, powerful FoFi


Innate Abilities, Weirdness & Mutations

You reflexively headbutt those who attack you in melee.
You have a pair of horns on your head.
You are agile. (Dex +2)


Message History

You are too injured to fight recklessly!
You are too injured to fight recklessly!
You are too injured to fight recklessly!
You are too injured to fight recklessly!
You are too injured to fight recklessly!
Unknown command.
You are too injured to fight recklessly!
You are too injured to fight recklessly!
You hit porpoise's ghost but do no damage.
You headbutt porpoise's ghost, but do no damage.
Porpoise's ghost is heavily damaged.
You closely miss porpoise's ghost.
Porpoise's ghost is heavily damaged.
Porpoise's ghost barely misses you.
You hit porpoise's ghost.
Porpoise's ghost is heavily damaged.
Porpoise's ghost hits you!
* * * LOW HITPOINT WARNING * * *
Porpoise's ghost burns you.
You die...

## ### #. ..#
#####. #.#
.....#####.#
.....[##.#
#.##.##.# #....[W.#
#..#.##@##
.#####..#.....#
........####n....#
...####.####..##..#
.##.#$...........
.# ...#.......##...
# ..#.......# ..8.
. ##.#.......#
..... ..
.........$.# ...nZ#


You could see a necrophage and porpoise's ghost.

Vanquished Creatures
  A spriggan (D:7)
  Sigmund (D:3)
  The ghost of rchandra the Chiller, an average VSIE of Okawaru (D:4)
  A water moccasin (D:7)
  Duvessa (D:7)
  An ice beast (D:7)
  3 ogres
  A black bear (D:7)
  A necrophage (D:8)
  A sky beast (D:5)
  2 centaurs
  2 big kobolds
  2 giant frogs (D:6)
  Dowan (D:7)
  A water moccasin skeleton (D:5)
  7 centaur zombies
  2 crimson imps
  4 bog bodies (Ossuary)
  A giant frog zombie (D:8)
  2 jellies
  An orc priest (D:5)
  Crazy Yiuf (D:5)
  Ijyb (D:2)
  3 iguanas
  8 orc wizards
  2 centaur skeletons
  A giant frog skeleton (D:4)
  4 worker ants
  2 killer bee zombies
  A hound zombie (D:6)
  8 mummies (Ossuary)
  3 worker ant zombies
  6 adders
  2 shadow imps
  6 adder zombies
  2 oozes
  An adder skeleton (D:7)
  3 worms
  5 giant geckos
  33 orcs
  9 bats
  7 hobgoblins
  16 jackals
  14 kobolds
  5 quokkas
  5 giant cockroaches
  2 giant gecko skeletons (D:5)
  A giant gecko zombie (Ossuary)
  5 giant newts
  19 goblins
  A quokka zombie (Ossuary)
  7 rats
220 creatures vanquished.

Vanquished Creatures (others)
  3 plants (Ossuary)
3 creatures vanquished.

Grand Total: 223 creatures vanquished

Notes
Turn   | Place    | Note
--------------------------------------------------------------
     0 | D:1      | TruthSerum the Minotaur Fighter began the quest for the Orb.
     0 | D:1      | Reached XP level 1. HP: 19/19 MP: 0/0
    85 | D:1      | Reached XP level 2. HP: 22/27 MP: 1/1
    89 | D:1      | Reached skill level 4 in Shields
   210 | D:1      | Reached skill level 1 in Dodging
   360 | D:1      | Reached XP level 3. HP: 33/33 MP: 2/2
  1078 | D:2      | Noticed Ijyb
  1090 | D:2      | Killed Ijyb
  1090 | D:2      | Reached XP level 4. HP: 36/40 MP: 3/3
  1619 | D:3      | Found an iron altar of Okawaru.
  1626 | D:3      | Became a worshipper of Warmaster Okawaru
  1630 | D:3      | Noticed Sigmund
  1640 | D:3      | Killed Sigmund
  1640 | D:3      | Acquired Okawaru's first power
  1640 | D:3      | Reached skill level 5 in Shields
  1640 | D:3      | Reached XP level 5. HP: 32/47 MP: 4/4
  1640 | D:3      | Reached XP level 6. HP: 36/53 MP: 5/5
  2133 | D:4      | Found a sand-covered staircase.
  2138 | Ossuary  | Entered an ossuary
  2151 | Ossuary  | Reached skill level 5 in Fighting
  2184 | Ossuary  | Reached skill level 5 in Armour
  2212 | Ossuary  | Reached XP level 7. HP: 13/61 MP: 4/6
  2567 | Ossuary  | Reached skill level 5 in Maces & Flails
  2937 | D:4      | Reached skill level 6 in Shields
  2994 | D:4      | Gained mutation: You are agile. (Dex +2) [potion of beneficial mutation]
  3015 | D:4      | Noticed rchandra's ghost (average VSIE)
  3025 | D:4      | Killed rchandra's ghost
  3025 | D:4      | Reached skill level 1 in Invocations
  3025 | D:4      | Reached XP level 8. HP: 55/70 MP: 4/7
  3071 | D:4      | Found a staircase to the Ecumenical Temple.
  3104 | Temple   | Entered the Ecumenical Temple
  3979 | D:5      | Entered Level 5 of the Dungeon
  4045 | D:5      | Found an ancient bone altar of Kikubaaqudgha.
  4101 | D:5      | Noticed Crazy Yiuf
  4107 | D:5      | Killed Crazy Yiuf
  4174 | D:5      | Reached skill level 7 in Fighting
  4816 | D:5      | Found a radiant altar of Vehumet.
  4818 | D:5      | Found a sparkling altar of Nemelex Xobeh.
  5195 | D:6      | Found a blossoming altar of Fedhas.
  5199 | D:6      | Reached skill level 8 in Fighting
  5199 | D:6      | Reached XP level 9. HP: 71/81 MP: 11/11
  5718 | D:7      | Found Dulog's Antique Weapon Shop.
  5833 | D:7      | Noticed Dowan
  5842 | D:7      | Killed Dowan
  5844 | D:7      | Noticed Duvessa
  6290 | D:7      | Killed Duvessa
  6290 | D:7      | Reached skill level 5 in Invocations
  6378 | D:7      | Reached skill level 9 in Fighting
  6702 | D:8      | Noticed porpoise's ghost (powerful FoFi)
  6714 | D:8      | HP: 3/84 [porpoise's ghost (20)]
  6761 | D:8      | HP: 1/84 [porpoise's ghost (17)]
  6761 | D:8      | Slain by porpoise's ghost

Vault maps used:
D:1:      matt_arrival_spirals, patterned_corridor
D:2:      kennysheep_goblin_castle
D:3:      okawaru_gym_becter, first_bread, uniq_sigmund
D:4:      minmay_temple_entry_large_hall, nicolae_ossuary_entry_false_entrances
D:5:      nicolae_overflow_crystal_walls, nicolae_overflow_hidden_temple,
          grunt_decor_one_mirror, feat_on_display, uniq_crazy_yiuf_cottage
D:6:      fedhas_altar_2
D:7:      serial_shops, shop, the_bakery, uniq_duvessa
D:8:      lemuel_doored_altar, serial_undead, serial_undead_f, serial_undead_d,
          serial_undead_d, serial_undead_a, serial_shops, shop
Temple:   triangle_lava_temple_11
Ossuary:  ossuary_zaba_flooded

Action                   |  1- 3 |  4- 6 |  7- 9 || total
-------------------------+-------+-------+-------++-------
Melee: Flail             |   111 |   120 |   372 ||   603
Invok: Heroism           |       |     1 |     3 ||     4
 Abil: Evoke Flight      |       |       |     1 ||     1
  Use: Scroll            |       |     8 |    13 ||    21
       Potion            |       |       |     3 ||     3
  Eat: Chunk             |     1 |     3 |    13 ||    17
       Beef jerky        |       |       |     1 ||     1
       Fruit             |       |       |     1 ||     1
